 Dungeon Crawl Stone Soup version 0.21.1-1-g345015f (webtiles) character file.

6918 Hebeh the Cleaver (level 10, -9/94 HPs)
             Began as a Deep Dwarf Fighter on June 16, 2018.
             Was a Believer of Makhleb.
             Mangled by Statics's ghost (13 damage)
             ... on level 11 of the Dungeon.
             The game lasted 00:53:30 (7273 turns).

Hebeh the Cleaver (Deep Dwarf Fighter)              Turns: 7273, Time: 00:53:31

Health: -9/94      AC: 12    Str: 22    XL:     10   Next: 80%
Magic:  10/10      EV: 12    Int: 10    God:    Makhleb [**....]
Gold:   671        SH: 11    Dex: 14    Spells: 11/11 levels left

rFire    . . .     SeeInvis .   a - +1 war axe
rCold    . . .     Gourm    .   c - +0 shield
rNeg     + . .     Faith    .   u - +1 ring mail of the Imp {rN+ rCorr Dex+2}
rPois    .         Spirit   .   (no helmet)
rElec    .         Reflect  .   l - +0 cloak
rCorr    +         Harm     .   M - +2 pair of gloves
MR       ++...                  (no boots)
Stlth    +.........             z - amulet of rage
HPRegen  0.00/turn              v - ring of protection from magic
MPRegen  0.12/turn              A - +3 ring of evasion

@: non-regenerating
A: damage resistance, heal wounds, sense surroundings 2, no regeneration
a: Heal Wounds, Minor Destruction, Renounce Religion, Evoke Berserk Rage


You were on level 11 of the Dungeon.
You worshipped Makhleb.
Makhleb was pleased with you.
You were not hungry.

You visited 3 branches of the dungeon, and saw 13 of its levels.
You also visited: Sewer.

You collected 671 gold pieces.

Inventory:

Hand Weapons
 a - a +1 war axe (weapon)
 r - a +0 flail
Armour
 c - a +0 shield (worn)
 l - a +0 cloak (worn)
 u - the +1 ring mail of the Imp (worn) {rN+ rCorr Dex+2}
   (You found it on level 4 of the Dungeon)

   It affects your dexterity (+2).
   It protects you from negative energy.
   It protects you from acid and corrosion.
 I - a +0 ring mail of poison resistance
 M - a +2 pair of gloves (worn)
Jewellery
 v - a ring of protection from magic (left hand)
 z - an amulet of rage (around neck)
 A - a +3 ring of evasion (right hand)
 N - an uncursed ring of flight
Wands
 p - a wand of paralysis (17)
 t - a wand of flame (45)
 E - a wand of digging (14)
 F - a wand of iceblast (9)
Scrolls
 b - 2 scrolls of identify
 e - 2 scrolls of immolation
 i - 3 scrolls of magic mapping
 j - 4 scrolls of remove curse
 n - 2 scrolls of fog
 o - 2 scrolls of enchant weapon
 q - a scroll of amnesia {unknown}
 x - 2 scrolls of noise {unknown}
 y - a scroll of blinking {unknown}
 C - 2 scrolls of teleportation
 G - a scroll of enchant armour {unknown}
Potions
 d - 2 potions of might
 g - 2 potions of cancellation
 h - 2 potions of degeneration
 k - 6 potions of flight
 m - 5 potions of curing
 s - a potion of mutation {unknown}
 w - 2 potions of magic {unknown}
 D - 2 potions of heal wounds {unknown}
Books
 B - a book of Conjurations

   Spells                             Type                      Level
   a - Magic Dart                     Conjuration                  1
   b - Searing Ray                    Conjuration                  2
   c - Dazzling Spray                 Conjuration/Hexes            3
   d - Fulminant Prism                Conjuration/Hexes            4
   e - Force Lance                    Conjuration/Translocation    4
   f - Iskenderun's Mystic Blast      Conjuration                  4
Comestibles
 f - 16 rations
 H - 5 chunks of flesh


   Skills:
 + Level 7.0 Fighting
 * Level 11.1 Axes
 + Level 8.4 Armour
 + Level 8.3 Shields
 - Level 1.0 Spellcasting
 + Level 6.6 Evocations


You had 11 spell levels left.
You didn't know any spells.

Dungeon Overview and Level Annotations

Branches:
Dungeon (11/15)            Temple (1/1) D:4             Orc (1/2) D:10
   Lair: D:8-11

Altars:
Ashenzari
Dithmenos
Elyvilon
Fedhas
Hepliaklqana
Kikubaaqudgha
Makhleb
Nemelex Xobeh
Qazlal
Ru
Trog
Uskayaw
Wu Jian
Xom
Yredelemnul
Zin

Annotations:
D:9 2 runed doors
D:11 Statics's ghost, journeyman DsMo; emiel's ghost, journeyman KoTm


Innate Abilities, Weirdness & Mutations

You are resistant to damage.
You can heal yourself by infusing magical energy.
You passively map the area around you.
You do not regenerate.


Message History

You barely miss Statics's ghost.
Statics's ghost is heavily damaged.
You closely miss emiel's ghost. You block Statics's ghost's attack.
You miss Statics's ghost.
Statics's ghost is moderately damaged.
You closely miss emiel's ghost. Emiel's ghost hits you!
You hit Statics's ghost.
Statics's ghost is heavily damaged.
You hit emiel's ghost. Statics's ghost hits you!
Emiel's ghost hits you but does no damage.
You closely miss Statics's ghost.
Statics's ghost is heavily damaged.
You closely miss emiel's ghost. Statics's ghost hits you!!
* * * LOW HITPOINT WARNING * * *
Emiel's ghost hits you!
* * * LOW HITPOINT WARNING * * *
You closely miss Statics's ghost.
Statics's ghost is heavily damaged.
You hit emiel's ghost. Statics's ghost hits you!
You die...

** * , * *
### * *#, *
#>., .., , ,
#.####..., ,
,#......, ,
#....#, ,
#....# * * *
,#@...+, *,
,, ,
#.<..WW...#
#.........#
,
#......####
, , #......#
,
#......#****
* ####.##.,
, , #. ,. ,
, , * , *


You could see Statics's ghost and emiel's ghost.

Vanquished Creatures
  2 two-headed ogres
  A hippogriff (D:10)
  A spriggan (D:7)
  2 wyverns (D:10)
  4 wargs (D:10)
  A hungry ghost (D:9)
  An ice beast (D:9)
  2 black bears (D:9)
  4 necrophages
  A phantom (D:5)
  4 sky beasts
  5 centaurs
  3 ogres
  A big kobold (Sewer)
  6 bullfrogs
  6 scorpions
  2 wights (D:10)
  A howler monkey (D:5)
  6 crimson imps
  2 bullfrog zombies
  2 quasits
  5 human zombies (D:10)
  2 bullfrog skeletons (D:10)
  6 hounds
  4 jellies
  4 orc priests
  5 orc wizards
  Jessica (D:2)
  2 human skeletons (D:10)
  An iguana (D:4)
  Natasha (thrice) (D:2)
  4 worker ants
  A mummy (D:10)
  3 hound skeletons
  3 worker ant zombies
  13 gnolls
  15 adders
  4 river rats
  A shadow imp (D:6)
  An ooze (D:1)
  An adder skeleton (D:9)
  An adder zombie (D:5)
  4 worms
  A dart slug (D:3)
  8 leopard geckos
  23 orcs
  8 bats
  5 giant cockroaches
  6 goblins
  6 hobgoblins
  8 jackals
  6 kobolds
  2 quokkas
  5 frilled lizards
  A quokka skeleton (D:7)
  15 rats
235 creatures vanquished.

Notes
Turn   | Place    | Note
-------+----------+-------------------------------------------
     0 | D:1      | Hebeh the Deep Dwarf Fighter began the quest for the Orb.
     0 | D:1      | Reached XP level 1. HP: 20/20 MP: 1/1
   309 | D:1      | Reached XP level 2. HP: 21/27 MP: 2/2
   713 | D:2      | Noticed Jessica
   718 | D:2      | Killed Jessica
   718 | D:2      | Reached skill level 3 in Axes
   718 | D:2      | Reached XP level 3. HP: 24/34 MP: 3/3
   771 | D:2      | Noticed Natasha
   782 | D:2      | Killed Natasha
   782 | D:2      | Reached XP level 4. HP: 42/42 MP: 4/4
   794 | D:2      | Noticed Natasha
   801 | D:2      | Killed Natasha
  1008 | D:2      | Reached skill level 4 in Axes
  1068 | D:2      | Noticed Natasha
  1086 | D:2      | Killed Natasha
  1086 | D:2      | Reached XP level 5. HP: 18/49 MP: 5/5
  1759 | D:2      | Reached XP level 6. HP: 46/56 MP: 6/6
  2119 | D:4      | Reached skill level 5 in Axes
  2162 | D:4      | Found a shimmering altar of Xom.
  2162 | D:4      | Found a shimmering altar of Xom.
  2187 | D:4      | Found a shimmering altar of Xom.
  2225 | D:4      | Reached XP level 7. HP: 49/64 MP: 7/7
  2254 | D:4      | Got a heavily runed ring mail
  2276 | D:4      | Reached skill level 5 in Armour
  2278 | D:4      | Reached skill level 5 in Shields
  2294 | D:4      | Identified the cursed +1 ring mail of the Imp {rN+ rCorr Dex+2} (You found it on level 4 of the Dungeon)
  2351 | D:4      | Found a shimmering altar of Xom.
  2368 | D:4      | Reached skill level 6 in Axes
  2371 | D:4      | Found a staircase to the Ecumenical Temple.
  2384 | Temple   | Entered the Ecumenical Temple
  2418 | Temple   | Became a worshipper of Makhleb the Destroyer
  2476 | D:4      | You fall through a shaft!
  2476 | D:5      | Entered Level 5 of the Dungeon
  2587 | D:5      | Found a glowing drain.
  2591 | Sewer    | Entered a sewer
  2681 | Sewer    | Found a white marble altar of Elyvilon.
  2898 | D:5      | Reached XP level 8. HP: 51/73 MP: 8/8
  2922 | D:5      | Reached * piety under Makhleb
  3095 | D:5      | Reached skill level 7 in Axes
  3253 | D:5      | Reached skill level 5 in Fighting
  3465 | D:6      | Reached skill level 1 in Evocations
  3617 | D:6      | Reached skill level 8 in Axes
  3860 | D:6      | Reached ** piety under Makhleb
  4196 | D:7      | Gained mutation: You passively map the area around you. [Deep Dwarf growth]
  4196 | D:7      | Reached XP level 9. HP: 62/81 MP: 9/9
  4405 | D:7      | Noticed a moth of wrath
  4408 | D:7      | Found a bloodstained altar of Trog.
  5007 | D:8      | Found a sacrificial altar of Ru.
  5043 | D:8      | Reached skill level 9 in Axes
  5141 | D:8      | Found the +10 Black Knight's horse barding {ponderous, rPois rN+}
  5459 | D:8      | Noticed a two-headed ogre
  5469 | D:8      | Killed a two-headed ogre
  5644 | D:9      | Reached skill level 5 in Evocations
  5662 | D:9      | Reached *** piety under Makhleb
  5718 | D:9      | Reached XP level 10. HP: 77/91 MP: 12/12
  5870 | D:9      | Reached skill level 10 in Axes
  6062 | D:9      | Found a white marble altar of Elyvilon.
  6065 | D:9      | Found a shadowy altar of Dithmenos.
  6065 | D:9      | Found a sparkling altar of Nemelex Xobeh.
  6075 | D:9      | Found an ornate altar of the Wu Jian Council.
  6086 | D:9      | Noticed an ice dragon
  6091 | D:9      | Found a runed door.
  6092 | D:9      | Found the +2 shield of Resistance {rF+ rC+ MR+}
  6092 | D:9      | Noticed an ice dragon
  6093 | D:9      | Noticed a fire dragon
  6094 | D:9      | Noticed a fire dragon
  6107 | D:9      | Found a runed door.
  6303 | D:10     | Entered Level 10 of the Dungeon
  6348 | D:10     | Noticed a two-headed ogre
  6361 | D:10     | Killed a two-headed ogre
  6470 | D:10     | Reached skill level 1 in Spellcasting
  6611 | D:10     | Found a staircase to the Orcish Mines.
  6675 | Orc:1    | Entered Level 1 of the Orcish Mines
  6765 | D:10     | Found a basalt altar of Yredelemnul.
  6971 | D:10     | Reached skill level 11 in Axes
  7201 | D:11     | Noticed emiel's ghost (journeyman KoTm)
  7201 | D:11     | Noticed Statics's ghost (journeyman DsMo)
  7233 | D:11     | HP: 2/94 [emiel's ghost (6)]
  7272 | D:11     | HP: 4/94 [emiel's ghost (13)]
  7273 | D:11     | Mangled by Statics's ghost

Skill      XL: |  1  2  3  4  5  6  7  8  9 10 |
---------------+-------------------------------+-----
Fighting       | 3 4 5 6 7 |  7.0
Axes           | 3 4 5 6 8 9 11 | 11.1
Shields        | 4 5 6 7 8 |  8.3
Armour         | 4 5 6 7 8 |  8.4
Evocations     | 2 5 6 |  6.6
Spellcasting   | 1 |  1.0

Action                   |  1- 3 |  4- 6 |  7- 9 | 10-12 || total
-------------------------+-------+-------+-------+-------++-------
Melee: War axe           |    94 |   245 |   422 |   303 ||  1064
 Abil: Heal Wounds       |     1 |     6 |     7 |    18 ||    32
  Use: Scroll            |       |     6 |     4 |     6 ||    16
  Eat: Chunk             |       |     4 |    10 |     7 ||    21
       Ration            |       |     1 |       |       ||     1
Armor: Scale mail        |    53 |   118 |     8 |       ||   179
       Ring mail         |       |       |   126 |    75 ||   201
Dodge: Dodged            |    46 |    73 |   159 |   134 ||   412
Block: Shield            |    68 |   151 |   258 |   166 ||   643
